 Dungeon Sprint DCSS version 0.20-a0-1121-gbb42413 (webtiles) character file.

208 potatolord6000 the Basher (level 8, 0/55 HPs)
             Began as a Gargoyle Fighter on May 10, 2017.
             Was an Initiate of Gozag.
             Slain by the 27-headed Lernaean hydra (1 damage)
             ... in the Dungeon (Sprint VI: "Thunderdome").
             The game lasted 00:06:55 (546 turns).

potatolord6000 the Basher (Gargoyle Fighter)         Turns: 546, Time: 00:06:56

Health: 0/55       AC: 20    Str: 28    XL:     8   Next: 51%
Magic:  17/17      EV: 14    Int:  8    God:    Gozag
Gold:   37         SH: 23    Dex: 13    Spells: 7/7 levels left

rFire    . . .     SeeInvis +   a - +0 flail
rCold    . . .     Gourm    .   g - +4 large shield of the Skies Above {MR+ Regen+}
rNeg     + . .     Faith    .   b - +0 scale mail
rPois    ∞         Spirit   .   o - +0 helmet of the Fiend {rElec MR++ Dex-5} (curse)
rElec    +         Reflect  .   j - +2 cloak "Seer" {rElec MP+9 SInv}
rCorr    .         Harm     .   n - -1 pair of gloves of Sovereignty {Dex+4 Slay+3} (curse)
MR       +++..     NoTele   +   d - +0 pair of boots of Pleasant Breezes {rElec}
Stlth    +.........             (no amulet)
Regen    0.6/turn               (no ring)
MPRegen  0.2/turn               (no ring)

@: mighty, agile, slightly contaminated
A: negative energy resistance 1, electricity resistance, unbreathing,
petrification resistance, rot immunity, AC +5
a: Potion Petition, Call Merchant, Bribe Branch, Renounce Religion


You were in the Dungeon.
You worshipped Gozag.
Gozag was noncommittal.
You were not hungry.

You visited 1 branch You collected 1697 gold pieces.
You spent 1660 gold pieces at shops.

Inventory:

Hand Weapons
 a - a +0 flail (weapon)
Armour
 b - a +0 scale mail (worn)
 d - the +0 pair of boots of Pleasant Breezes (worn) {rElec}
   (You bought it in a shop in the Dungeon)

   It insulates you from electricity.
 g - the +4 large shield of the Skies Above (worn) {MR+ Regen+}
   (You bought it in a shop in the Dungeon)

   It affects your resistance to hostile enchantments.
   It increases your rate of regeneration.
 j - the +2 cloak "Seer" (worn) {rElec MP+9 SInv}
   (You bought it in a shop in the Dungeon)

   It insulates you from electricity.
   It affects your magic capacity (+9).
   It lets you see invisible.
 n - the cursed -1 pair of gloves of Sovereignty (worn) {Dex+4 Slay+3}
   (You bought it in a shop in the Dungeon)

   It affects your dexterity (+4).
   It affects your accuracy and damage with ranged weapons and melee attacks
   (+3).
   It has a curse placed upon it.
 o - the cursed +0 helmet of the Fiend (worn) {rElec MR++ Dex-5}
   (You bought it in a shop in the Dungeon)

   It affects your dexterity (-5).
   It insulates you from electricity.
   It affects your resistance to hostile enchantments.
   It has a curse placed upon it.
Scrolls
 l - 3 scrolls of fog
Potions
 e - a potion of curing
 h - a potion of haste
 i - 2 potions of magic
 m - a potion of resistance
Comestibles
 f - a bread ration


   Skills:
 + Level 8.6 Fighting
 + Level 10.8 Maces & Flails
 + Level 9.6 Armour
 + Level 3.6 Dodging
 + Level 10.4 Shields


You had 7 spell levels left.
You didn't know any spells.

Dungeon Overview and Level Annotations

Branches:
Dungeon (1/1)

Altars:
Cheibriados
Dithmenos
Fedhas
Gozag
Kikubaaqudgha
Makhleb
Okawaru
Qazlal
Ru
Sif Muna
Trog
Uskayaw
Vehumet
Wu Jian
Xom
Yredelemnul
Zin
The Shining One
Beogh
Jiyva
Lugonu

Shops:
D *[%??*?*:[((!!!!

Annotations:
D Lernaean hydra


Innate Abilities, Weirdness & Mutations

You are resistant to torment.
Your stone body is resilient. (AC +5)
You are immune to poison.
You resist negative energy. (rN+)
You are resistant to electric shocks. (rElec)
You can survive without breathing.
You are immune to petrification.
You are immune to rotting.


Message History

The 27-headed Lernaean hydra bites you but does no damage.
The 27-headed Lernaean hydra misses you.
The 27-headed Lernaean hydra barely misses you.
You block the 27-headed Lernaean hydra's attack.
The 27-headed Lernaean hydra bites you but does no damage. x2
You block the 27-headed Lernaean hydra's attack. x2
The 27-headed Lernaean hydra bites you but does no damage. x2
The 27-headed Lernaean hydra barely misses you.
The 27-headed Lernaean hydra bites you but does no damage.
The 27-headed Lernaean hydra bites you.
* * * LOW HITPOINT WARNING * * *
The 27-headed Lernaean hydra bites you but does no damage.
The 27-headed Lernaean hydra bites you.
* * * LOW HITPOINT WARNING * * *
The 27-headed Lernaean hydra misses you.
The 27-headed Lernaean hydra bites you but does no damage. x2
You block the 27-headed Lernaean hydra's attack.
The 27-headed Lernaean hydra bites you.
You die...
Your body crumbles into a pile of gold.

#####.8.........8.######
∩___......###......___∩##
........8.# #.8........∩###
..........###.............#
.......###...###..........⌠
.......# #.<.# #..........⌠
.......###)..###..........⌠
..........###.............#
........8)# #.8.@......∩###
∩___......###...D..___∩##
#####.8.........8.######
#⌠[).........⌠#
###)........### #_......._#
#_......._# #_........#
#∩.......∩#


You could see the 27-headed Lernaean hydra.

Vanquished Creatures
  4 jumping spiders (D)
  2 necrophages (D)
  A gnoll sergeant (D)
  2 scorpions (D)
  5 gnolls (D)
  An adder zombie (D)
  An adder skeleton (D)
  A bat skeleton (D)
  A giant cockroach zombie (D)
  A jackal zombie (D)
  2 leopard gecko zombies (D)
  A quokka zombie (D)
22 creatures vanquished.

Notes
Turn   | Place    | Note
-------+----------+-------------------------------------------
     0 | D        | potatolord6000 the Gargoyle Fighter began the quest for the Orb.
     0 | D        | Reached XP level 1. HP: 14/14 MP: 1/1
     2 | D        | Found a radiant altar of Vehumet.
     2 | D        | Found a burning altar of Makhleb.
     3 | D        | Found a glowing golden altar of the Shining One.
     3 | D        | Found a deep blue altar of Sif Muna.
     4 | D        | Found an iron altar of Okawaru.
     4 | D        | Found an ornate altar of the Wu Jian Council.
     5 | D        | Found Cokhupt's Identification Station.
     5 | D        | Found an ancient bone altar of Kikubaaqudgha.
     5 | D        | Found a blossoming altar of Fedhas.
     5 | D        | Found Tokaf's Bee Food.
     5 | D        | Round 1.
     6 | D        | Found Pof Kuam's Advanced Armour.
     6 | D        | Found Bocoanti's Jewellery.
    11 | D        | Found a bloodstained altar of Trog.
    13 | D        | Found a shadowy altar of Dithmenos.
    15 | D        | Found Bycvaul's Magic Scroll Shop.
    16 | D        | Found a roughly hewn altar of Beogh.
    16 | D        | Found a viscous altar of Jiyva.
    16 | D        | Found Xant's Staff Store.
    16 | D        | Found Boyrixt's Magic Scroll Shop.
    16 | D        | Found Mocasirr's Must-Have Magic.
    20 | D        | Found a glowing silver altar of Zin.
    21 | D        | Found a snail-covered altar of Cheibriados.
    22 | D        | Found a corrupted altar of Lugonu.
    23 | D        | Found Yloej's Distillery.
    24 | D        | Found Etaqowk's Distillery.
    24 | D        | Found Ydaph's Bottled Wisdom.
    25 | D        | Found a hide-covered altar of Uskayaw.
    25 | D        | Found a sacrificial altar of Ru.
    25 | D        | Found a shimmering altar of Xom.
    25 | D        | Found Xuoqisot's Do-It-Yourself Clinic.
    29 | D        | Found an opulent altar of Gozag.
    30 | D        | Found a stormy altar of Qazlal.
    32 | D        | Found a basalt altar of Yredelemnul.
    32 | D        | Found Juedghit's Weapon Rack.
    32 | D        | Found Xaoteoh's Premium Goods.
    33 | D        | Found Kisof's Basic Armour.
    33 | D        | Found Zeuph's Miscellaneous Merchandise.
    39 | D        | Became a worshipper of Gozag Ym Sagoz the Greedy
    90 | D        | Bought a pair of polished gloves for 332 gold pieces
    91 | D        | Arena points: 5 (+5) [x1]
    95 | D        | Identified the cursed -1 pair of gloves of Sovereignty {Dex+4 Slay+3} (You bought it in a shop in the Dungeon)
   106 | D        | Round 2.
   111 | D        | Noticed a gnoll sergeant
   111 | D        | Reached XP level 2. HP: 14/20 MP: 2/2
   122 | D        | Killed a gnoll sergeant
   122 | D        | Reached skill level 5 in Fighting
   122 | D        | Reached skill level 5 in Armour
   122 | D        | Reached skill level 5 in Shields
   122 | D        | Reached XP level 3. HP: 26/26 MP: 3/3
   122 | D        | Reached XP level 4. HP: 31/31 MP: 4/4
   124 | D        | Reached skill level 1 in Dodging
   145 | D        | Arena points: 33 (+28) [x2]
   145 | D        | Reached XP level 5. HP: 35/36 MP: 5/5
   171 | D        | Bought a pair of spiked boots for 332 gold pieces
   176 | D        | Identified the +0 pair of boots of Pleasant Breezes {rElec} (You bought it in a shop in the Dungeon)
   207 | D        | Round 3.
   227 | D        | Noticed a necrophage
   227 | D        | Noticed a necrophage
   236 | D        | Killed a necrophage
   251 | D        | Killed a necrophage
   251 | D        | Reached XP level 6. HP: 40/42 MP: 6/6
   290 | D        | Bought a heavily runed helmet for 332 gold pieces
   295 | D        | Identified the cursed +0 helmet of the Fiend {rElec MR++ Dex-5} (You bought it in a shop in the Dungeon)
   333 | D        | Arena points: 96 (+63) [x3]
   355 | D        | Round 4.
   367 | D        | Noticed a jumping spider
   378 | D        | Noticed a jumping spider
   383 | D        | Killed a jumping spider
   383 | D        | Reached XP level 7. HP: 17/48 MP: 7/7
   383 | D        | HP: 1/48 [jumping spider (5)]
   401 | D        | Noticed a jumping spider
   417 | D        | Killed a jumping spider
   445 | D        | Killed a jumping spider
   445 | D        | Reached skill level 10 in Maces & Flails
   445 | D        | Reached XP level 8. HP: 31/54 MP: 8/8
   448 | D        | Reached skill level 10 in Shields
   455 | D        | Noticed a jumping spider
   472 | D        | Killed a jumping spider
   472 | D        | Arena points: 208 (+112) [x4]
   511 | D        | Bought a faintly humming large shield for 332 gold pieces
   511 | D        | Bought a jewelled cloak for 332 gold pieces
   518 | D        | Round 5.
   518 | D        | Noticed the 27-headed Lernaean hydra
   521 | D        | Identified the +4 large shield of the Skies Above {MR+ Regen+} (You bought it in a shop in the Dungeon)
   529 | D        | Identified the +2 cloak "Seer" {rElec MP+9 SInv} (You bought it in a shop in the Dungeon)
   546 | D        | HP: 1/55 [the 27-headed Lernaean hydra (2)]
   546 | D        | Slain by the 27-headed Lernaean hydra

Vault maps used:
D:        arena_sprint

Skill      XL: |  1  2  3  4  5  6  7  8 |
---------------+-------------------------+-----
Fighting       | 4 5 6 7 8 |  8.6
Shields        | 4 5 6 7 8 9 10 | 10.4
Armour         | 4 5 7 8 9 |  9.6
Maces & Flails | 4 7 8 10 | 10.8
Dodging        | 1 2 3 |  3.6

Action                   |  1- 3 |  4- 6 |  7- 9 || total
-------------------------+-------+-------+-------++-------
Melee: Flail             |    20 |    36 |    46 ||   102
Invok: Potion Petition   |       |       |     1 ||     1
  Use: Potion            |     3 |     1 |     5 ||     9
       Scroll            |       |       |     4 ||     4
Armor: Scale mail        |    23 |    24 |    66 ||   113
Dodge: Dodged            |     7 |    17 |    32 ||    56
Block: Shield            |    26 |    31 |    34 ||    91
       Large shield      |       |       |    16 ||    16
